Map: Kairos Junction LE

Players

Erik

  • Race: Zerg Zerg
  • Spawn Location: 5:00

Stephano - Winner!

  • Race: Zerg Zerg
  • Spawn Location: 11:00

Event: 2019 WCS Summer

VOD

Have the link to the VOD?

Description

Time

  • Played on: July 12, 2019, 6:49 a.m.
  • Length: 11:50

All games in this series

Show
View Real Time Build Order
Export as new Build Order

Erik Zerg 

Build Orders: Pool First 

Get SALT Encoding   

  12  0:00  Drone  
  13  0:08  Drone  
  13  0:14  Drone, Extractor  
  15  0:21  Overlord  
  15  0:36  Spawning Pool  
  15  0:40  Drone  
  15  0:43  Drone  
  15  0:47  Drone  
  15  0:49  Extractor  
  16  0:54  Drone  
  17  1:14  Hatchery  
  16  1:23  Zergling x4  
  18  1:27  Zergling x2  
  19  1:37  Queen  
  21  1:49  Metabolic Boost  
  21  1:53  Overlord  
  21  1:58  Drone  
  22  2:12  Drone, Queen  
  25  2:19  Drone  
  25  2:21  Drone  
  26  2:39  Drone  
  26  2:40  Drone  
  26  2:42  Zergling x4  
  29  2:49  Zergling x8  
  33  2:53  Queen  
  35  2:58  Overlord  
  35  3:19  Drone x4  
  39  3:21  Lair  
  39  3:25  Drone x2  
  39  3:26  Drone  
  42  3:32  Drone x2  
  43  3:35  Extractor  
  43  3:37  Drone, Evolution Chamber  
  41  3:48  Roach Warren  
  41  3:52  Drone x3  
  42  3:58  Evolution Chamber  
  41  4:07  Evolution Chamber  
  40  4:11  Zerg Missile Weapons Level 1  
  40  4:17  Evolution Chamber  
  40  4:18  Drone x5  
  40  4:21  Drone  
  43  4:25  Drone  
  43  4:29  Glial Reconstitution  
  40  4:35  Drone x3  
  43  4:42  Extractor, Overlord  
  43  4:44  Overlord  
  42  4:53  Overlord  
  42  4:54  Drone  
  43  5:03  Roach x4  
  43  5:05  Roach  
  43  5:06  Drone  
  54  5:08  Drone  
  54  5:10  Roach  
  59  5:14  Roach  
  59  5:16  Roach  
  59  5:19  Roach  
  65  5:21  Roach  
  65  5:27  Roach  
  67  5:43  Overlord x2  
  67  5:52  Overlord  
  67  5:57  Overseer  
  67  6:02  Drone x2  
  67  6:03  Drone  
  70  6:05  Hatchery, Roach x5  
  70  6:09  Zerg Missile Weapons Level 2  
  79  6:15  Drone  
  80  6:22  Tunneling Claws  
  80  6:25  Drone  
  79  6:27  Extractor  
  79  6:30  Burrow  
  78  6:35  Roach x4  
  86  6:49  Overlord  
  86  6:50  Roach  
  86  6:51  Roach x2  
  86  6:54  Overlord  
  92  7:01  Overlord  
  92  7:05  Overlord  
  92  7:11  Roach x4  
  92  7:12  Roach x2  
  104  7:22  Drone x4  
  108  7:31  Overlord  
  108  7:33  Roach  
  108  7:34  Roach x4  
  108  7:35  Roach x5  
  118  7:39  Overlord  
  118  7:40  Ravager x3  
  118  7:41  Ravager  
  122  7:45  Overlord  
  122  7:46  Roach x4, Overlord  
  122  7:49  Roach  
  122  7:50  Roach x4  
  122  7:51  Drone  
  125  8:03  Roach  
  125  8:04  Roach x4  
  133  8:08  Roach x4  
  130  8:13  Roach  
  130  8:14  Roach x3  
  130  8:18  Drone x3  
  135  8:24  Overlord  
  135  8:25  Overlord  
  135  8:32  Overlord  
  133  8:34  Roach  
  133  8:38  Roach x3  
  133  8:39  Roach x5  
  135  8:42  Drone  
  135  8:44  Roach x4  
  134  9:00  Overlord  
  134  9:01  Roach x6  
  144  9:07  Overlord  
  142  9:11  Roach  
  142  9:15  Roach x5  
  150  9:23  Overlord  
  148  9:29  Roach x5  
  156  9:36  Overlord  
  150  9:39  Roach x2  
  144  9:47  Roach x6  
  156  9:53  Roach x4  
  156  9:58  Roach x3  
  162  10:03  Ravager x2  
  162  10:04  Ravager  
  162  10:05  Ravager  
  166  10:08  Roach x6  
  178  10:18  Overlord  
  178  10:19  Roach x3  
  178  10:32  Overlord  
  178  10:34  Roach x6  
  155  10:41  Roach x3  
  143  10:48  Roach x3  
  143  10:49  Roach  
  97  10:58  Roach x2  
  76  11:10  Roach  
  76  11:11  Roach x2  
  80  11:13  Ravager x3  
  69  11:30  Roach x2  
Show
View Real Time Build Order
Export as new Build Order

Stephano Zerg - Winner!

Build Orders: Hatch First 

Get SALT Encoding   

  12  0:00  Drone  
  13  0:12  Overlord  
  13  0:17  Drone  
  14  0:30  Drone x2  
  16  0:48  Hatchery  
  15  0:51  Drone  
  15  0:54  Drone  
  17  1:09  Extractor  
  16  1:11  Spawning Pool  
  16  1:14  Drone  
  16  1:17  Drone  
  17  1:20  Drone  
  18  1:28  Drone  
  19  1:38  Drone  
  20  1:49  Drone  
  21  1:59  Queen x2  
  21  2:00  Zergling x4  
  27  2:10  Overlord  
  27  2:11  Drone  
  27  2:14  Metabolic Boost  
  28  2:33  Drone x3  
  30  2:39  Drone  
  31  2:46  Zergling x2  
  31  2:47  Drone  
  33  2:57  Overlord  
  33  2:58  Hatchery  
  33  3:02  Zergling x2  
  33  3:07  Drone  
  33  3:09  Drone x2  
  36  3:17  Zergling x10  
  40  3:21  Zergling x2  
  41  3:29  Zergling x4  
  41  3:36  Queen  
  43  3:44  Drone  
  44  3:49  Overlord  
  44  4:05  Evolution Chamber, Roach Warren  
  44  4:07  Drone x5  
  45  4:11  Drone x2  
  45  4:17  Zergling x4  
  45  4:20  Drone  
  45  4:26  Drone x3  
  45  4:28  Drone  
  45  4:30  Drone  
  47  4:34  Drone x2  
  49  4:38  Drone, Extractor  
  49  4:39  Drone  
  50  4:46  Drone  
  50  4:49  Overlord  
  50  4:50  Overlord  
  51  4:55  Zerg Missile Weapons Level 1, Extractor  
  51  4:58  Roach x2  
  54  5:02  Roach  
  56  5:10  Roach  
  56  5:11  Roach x3  
  64  5:19  Drone x3  
  67  5:26  Roach x2  
  67  5:27  Roach  
  67  5:28  Drone  
  74  5:32  Overlord  
  74  5:38  Overlord  
  74  5:48  Lair  
  74  5:49  Overlord  
  74  5:57  Roach x8  
  89  6:13  Roach x4  
  97  6:22  Overlord  
  97  6:26  Drone  
  97  6:27  Overlord  
  97  6:32  Overlord  
  97  6:44  Drone x6  
  97  6:45  Drone  
  97  6:46  Glial Reconstitution  
  103  6:48  Overseer  
  103  6:50  Zerg Missile Weapons Level 2  
  103  6:51  Roach x6  
  115  6:56  Roach  
  115  7:00  Overseer  
  117  7:03  Extractor  
  117  7:05  Drone x3  
  117  7:06  Extractor  
  117  7:08  Roach  
  120  7:12  Overlord x2  
  120  7:18  Overlord x2  
  120  7:25  Overlord  
  121  7:35  Roach x4  
  121  7:36  Overlord  
  129  7:38  Overlord  
  129  7:44  Extractor  
  129  7:46  Overlord  
  129  7:47  Overlord  
  129  7:50  Roach x3  
  129  7:51  Roach x3  
  140  7:57  Overseer x2  
  137  8:01  Roach x3  
  136  8:14  Roach x4  
  136  8:17  Roach x2  
  136  8:19  Overseer  
  145  8:22  Roach  
  145  8:23  Roach  
  145  8:26  Roach  
  151  8:32  Roach x2  
  153  8:34  Overseer  
  153  8:37  Drone x2  
  153  8:38  Drone x2  
  157  8:47  Ravager x2, Roach  
  155  8:57  Roach x5  
  165  9:08  Roach x4  
  165  9:23  Roach x2  
  169  9:24  Overlord  
  169  9:28  Overlord  
  168  9:39  Overlord  
  168  9:46  Roach x6  
  180  9:53  Roach  
  180  9:54  Roach x2  
  180  9:59  Roach  
  190  10:00  Roach  
  190  10:05  Overlord  
  190  10:13  Overlord  
  190  10:18  Overlord  
  190  10:26  Roach x6  
  186  10:31  Roach  
  186  10:35  Roach x3  
  163  10:38  Roach  
  146  10:46  Roach x2  
  138  10:53  Roach  
  120  10:57  Roach x2  
  120  11:01  Roach  
  112  11:07  Roach  
  110  11:15  Roach  
  102  11:26  Roach x2  
Tags
 
Add a new tag
Caveats
  • Supply blocks, unpowered buildings, or Contaminate may cause inaccurate times.
  • Supply counts are checked every 10 seconds.